 Dungeon Crawl Stone Soup version 0.30-a0-1157-g2cc9ac7196 (webtiles) character file.

Game seed: 4482771766203399906

44 qeuew the Trooper (level 3, 0/43 HPs)
             Began as a Demonspawn Berserker on Apr 24, 2023.
             Was a Believer of Trog.
             Slain by Terence
             ... wielding a +0 mace
              (4 damage)
             ... on level 2 of the Dungeon.
             The game lasted 00:01:08 (1069 turns).

qeuew the Trooper (Demonspawn Berserker)            Turns: 1069, Time: 00:01:09

Health: 0/43       AC:  5    Str: 19    XL:     3   Next: 41%
Magic:  3/3        EV: 11    Int:  8    God:    Trog [**....]
Gold:   75         SH:  0    Dex: 12    Spells: 2/2 levels left

rFire   . . .        a - +0 mace
rCold   . . .        (no shield)
rNeg    . . .        e - +0 ring mail
rPois   .            (no helmet)
rElec   .            (no cloak)
rCorr   .            (no gloves)
SInv    .            (no boots)
Will    .....        (no amulet) Stlth
                     (no ring)
HPRegen 0.27/turn    (no ring)
MPRegen 0.08/turn

%: no passive effects
@: berserking, very quick
A: claws 1, weakness stinger 1
a: Renounce Religion, Berserk, Trog's Hand


You were on level 2 of the Dungeon.
You worshipped Trog.
Trog was pleased with you.
You visited 1 branch of the dungeon, and saw 2 of its levels.

You collected 75 gold pieces.

Inventory:

Hand Weapons
 a - a +0 mace (weapon)
Armour
 e - a +0 ring mail (worn)
Scrolls
 c - 2 scrolls of identify
Potions
 b - a potion of heal wounds {unknown}
 d - a potion of might


   Skills:
 + Level 3.3 Fighting
 * Level 3.2 Maces & Flails
 * Level 2.4 Armour
 + Level 2.2 Dodging


You had 2 spell levels left.
You didn't know any spells.
Your spell library was empty.

Dungeon Overview and Level Annotations

Branches:
Dungeon (2/15)

Altars:

Annotations:
D:2 1 runed translucent door, Crazy Yiuf, Terence


Innate Abilities, Weirdness & Mutations

You have sharp fingernails.
You have a small tail.


Message History

There is an escape hatch in the floor here.
Terence the Incautious comes into view.
He is wielding a +0 mace and carrying a wand of light (5).
Terence shouts!
An adder comes into view.
There are monsters nearby!
The adder hisses angrily.
Terence zaps a wand.
The bolt of light hits you!
There are monsters nearby!
You hit Terence.
Terence is lightly wounded.
Terence zaps a wand.
The bolt of light misses you. Terence hits you with a +0 mace.
You are too injured to fight recklessly!
You are too injured to fight recklessly!
You are too injured to fight recklessly!
You are too injured to fight recklessly!
You are too injured to fight recklessly!
You are too injured to fight recklessly!
You are too injured to fight recklessly!
You are too injured to fight recklessly!
You are too injured to fight recklessly!
You are too injured to fight recklessly!
You are too injured to fight recklessly!
You are too injured to fight recklessly!
Unknown command.
A red film seems to cover your vision as you go berserk!
You feel yourself moving faster!
You feel mighty! The adder bites you.
Terence zaps a wand.
The bolt of light hits you!
* * * LOW HITPOINT WARNING * * *
Unknown command.
You hit Terence but do no damage.
Terence is lightly wounded.
The adder bites you but does no damage.
You hit Terence.
Your tail-slap misses Terence.
Terence is moderately wounded.
The adder bites you but does no damage. Terence closely misses you.
You hit Terence but do no damage.
Your tail-slap misses Terence.
Terence is moderately wounded.
The adder barely misses you. Terence hits you with a +0 mace.
You die...

##################
#.................
#.##########.#####
#.# ##...## #.#
#.....# #.###
####### #...#
#@.## ♣♣♣♣♣ #@S#
### ♣♣♣.♣.. #...#
#...#♣..♣... ##.##
#...+.♣♣♣♣.. .#
#)..#♣♣ ♣♣. .. ###
♣♣ .. ..#


You could see Terence and an adder.

Vanquished Creatures
  An adder (D:2)
  2 ball pythons (D:1)
  3 endoplasms (D:1)
  2 giant cockroaches (D:1)
  4 goblins (D:1)
  3 hobgoblins (D:1)
  6 jackals
  3 kobolds (D:1)
  A quokka (D:1)
  A bat (D:1)
  2 frilled lizards
  3 rats (D:1)
31 creatures vanquished.

Notes
Turn   | Place    | Note
-------+----------+-------------------------------------------
     0 | D:1      | qeuew the Demonspawn Berserker began the quest for the Orb.
     0 | D:1      | Reached XP level 1. HP: 18/18 MP: 1/1
   117 | D:1      | Discovered your monstrous ancestry.
   117 | D:1      | Gained mutation: You have sharp fingernails. [demonic
                  | ancestry]
   117 | D:1      | Reached XP level 2. HP: 17/24 MP: 2/2
   625 | D:1      | Gained mutation: You have a small tail. [demonic ancestry]
   625 | D:1      | Reached XP level 3. HP: 19/29 MP: 3/3
   941 | D:2      | Reached ** piety under Trog
  1008 | D:2      | Found a runed translucent door.
  1009 | D:2      | Noticed Crazy Yiuf
  1061 | D:2      | Noticed Terence
  1069 | D:2      | Slain by Terence

Illustrated notes

Levels and vault maps discovered:
D:1:      dpeg_arrival_windows_large_door, layout_basic
D:2:      layout_loops_corners, serial_shops, nicolae_shop_mannequins,
          uniq_crazy_yiuf_cottage, uniq_terence

Skill      XL: |  1  2 |
---------------+-------+-----
Armour         | 2 |  2.4
Dodging        | 2 |  2.2
Maces & Flails | 3 |  3.2
Fighting       | |  3.3

Action                     || total
---------------------------++-------
  Melee: Mace              ||    81
         Punch             ||     1
 Invoke: Berserk           ||     2
    Use: Scroll            ||     1
   Stab: Sleeping          ||     2
 Armour: Animal skin       ||    18
         Ring mail         ||     7
  Dodge: Dodged            ||    52

Table legend: (Time is in decaauts)
 A = Elapsed time spent in this place.
 B = Non-inter-level travel time spent in this place.
 C = Inter-level travel time spent in this place.
 D = Time resting spent in this place.
 E = Time spent auto-exploring this place.
 F = Levels seen in this place.
 G = Mean time per level.
                   A        B        C        D        E       F      G
               +--------+--------+--------+--------+--------+-----+--------+
         Total |   1097 |   1043 |     54 |      0 |    844 |   2 |  548.5 |
       Dungeon |   1097 |   1043 |     54 |      0 |    844 |   2 |  548.5 |
               +--------+--------+--------+--------+--------+-----+--------+

Top non-repeatable levels by time:
     D:1: 844 daAuts
     D:2: 253 daAuts
